 Dungeon Crawl Stone Soup version 0.26-a0-597-gb535b0901c (webtiles) character file.

Game seed: 10251290659267875243

140 Lanoc the Shooter (level 5, -1/46 HPs)
             Began as a Deep Elf Hunter on Sept 2, 2020.
             Was an Initiate of Okawaru.
             Slain by a hound (2 damage)
             ... on level 4 of the Dungeon.
             The game lasted 00:03:06 (1641 turns).

Lanoc the Shooter (Deep Elf Hunter)                 Turns: 1641, Time: 00:03:07

Health: -1/46      AC: 22    Str:  9    XL:     5   Next: 2%
Magic:  7/7        EV:  2    Int: 22    God:    Okawaru [......]
Gold:   20         SH:  0    Dex: 16    Spells: 3/4 levels left

rFire    . . .     SeeInvis .   b - +0 short sword
rCold    . . .     Faith    .   (no shield)
rNeg     + + +     Spirit   .   (armour currently unavailable)
rPois    +         Reflect  .   (helmet currently unavailable)
rElec    .         Harm     .   (cloak currently unavailable)
rCorr    .         NoTele   +   (gloves currently unavailable)
MR       .....                  (boots currently unavailable)
Stlth    ++........             (no amulet)
HPRegen  0.15/turn              h - +6 ring of intelligence
MPRegen  0.10/turn              i - ring of teleportation (curse)

@: tree-form
A: no striking features
a: Renounce Religion


You were on level 4 of the Dungeon.
You worshipped Okawaru.
Okawaru was noncommittal.
You were a tree.
You visited 1 branch of the dungeon, and saw 4 of its levels.

You collected 20 gold pieces.

Inventory:

Hand Weapons
 a - a +1 shortbow
 b - a +0 short sword (weapon)
Armour
 c - a +0 leather armour (melded)
Jewellery
 h - a +6 ring of intelligence (left branch)
 i - a cursed ring of teleportation (right branch)
Scrolls
 e - a scroll of magic mapping
Potions
 j - a potion of brilliance {unknown}
 k - a potion of flight {unknown}
 l - a potion of magic {unknown}
 m - 2 potions of stabbing {unknown}


   Skills:
 + Level 2.4 Fighting
 * Level 6.9 Bows
 + Level 3.6 Dodging
 - Level 1.2 Stealth
 + Level 1.1 Invocations


You had 3 spell levels left.
You knew the following spells:

 Your Spells              Type           Power        Failure   Level
a - Apportation           Tloc           #.....       17%         1

Your spell library contained the following spells:

 Spells                   Type           Power        Failure   Level
 Animate Skeleton         Necr           #.....       17%         1
 Corona                   Hex            #......      17%         1
 Summon Small Mammal      Summ           #...         17%         1


Dungeon Overview and Level Annotations

Branches:
Dungeon (4/15)
 Temple: D:4-7

Altars:
Ashenzari
Okawaru
Wu Jian
Yredelemnul

Annotations:
D:2 Sigmund


Message History

The hound barely misses you. The giant cockroach closely misses you.
You hit the hound but do no damage.
The hound is almost dead.
The hound bites you.
* * * LOW HITPOINT WARNING * * *
The giant cockroach closely misses you.
It was a potion of lignification.
You turn into a tree.
Your +0 leather armour melds into your body.
Your roots penetrate the ground.
The hound bites you but does no damage.
The giant cockroach bites you but does no damage.
The hound bites you but does no damage.
You closely miss the hound.
The hound is almost dead.
The hound bites you but does no damage. The giant cockroach barely misses you.
The hound bites you but does no damage.
You closely miss the hound.
The hound is almost dead.
The giant cockroach bites you but does no damage.
The hound bites you.
You die...

*,,,,* *,,,,,,,,* *,**,*
*,**,,,,,* *,*#,* *##,***,,*,*
****,*#.* *...# *,,,,*
*,,,,*#.#####.#.###.****
*,*****.......#.....*****### *,*
**#.......#(#.,,,,*#<# *****,*
#...........#*#,*#.# ,,,,,,*
#..s♣...#,,,#.#.*#.# ,,,*,,*
***#..h....#,..#...##.#
,,,*,,***#....(#..#.#..........##
,,,,,,,,,......+............[..>#
*,,,*,*,*#..(.,#..#....##.#..#..#
*,,,*,*,,.((..,#.......##,####..#
,,,,,,***....,,#.####...,,#.....#
*,**,,* *....,,#.# *.##*,#.###.#
*,**>,***,,,,,,#.#* *,#**,#,#...#


You could see a hound and a giant cockroach.

Vanquished Creatures
  An orc wizard (D:3)
  A worker ant (D:4)
  4 adders
  A worm (D:3)
  A dart slug (D:2)
  A leopard gecko (D:3)
  4 orcs (D:3)
  4 bats
  A giant cockroach (D:2)
  6 goblins
  5 hobgoblins
  4 frilled lizards
  A jackal skeleton (D:4)
  3 kobolds
  A quokka skeleton (D:2)
  6 rats
44 creatures vanquished.

Notes
Turn   | Place    | Note
-------+----------+-------------------------------------------
     0 | D:1      | Lanoc the Deep Elf Hunter began the quest for the Orb.
     0 | D:1      | Reached XP level 1. HP: 12/12 MP: 3/3
   261 | D:2      | Found a basalt altar of Yredelemnul.
   299 | D:2      | Reached XP level 2. HP: 17/17 MP: 4/4
   436 | D:2      | Noticed Sigmund
   466 | D:3      | Reached skill level 6 in Bows
   473 | D:3      | Reached XP level 3. HP: 21/21 MP: 5/5
   627 | D:3      | Found an ornate altar of the Wu Jian Council.
   870 | D:3      | Found an iron altar of Okawaru.
   895 | D:3      | Became a worshipper of Warmaster Okawaru
   960 | D:3      | Reached XP level 4. HP: 20/26 MP: 6/6
  1110 | D:3      | Found a shattered altar of Ashenzari.
  1483 | D:3      | Learned a level 1 spell: Apportation
  1494 | D:4      | Reached skill level 1 in Invocations
  1520 | D:4      | Reached XP level 5. HP: 26/31 MP: 7/7
  1638 | D:4      | HP: 1/31 [hound (4)]
  1641 | D:4      | Slain by a hound

Illustrated notes

Levels and vault maps discovered:
D:1:      lemuel_arrival_river_ford, layout_basic
D:2:      layout_loops_ring, lemuel_coloured_pillars_altar, grunt_ministairs_8,
          uniq_terence, uniq_natasha, uniq_sigmund
D:3:      minmay_evil_eye, layout_basic, lemuel_crystal_altar,
          cheibrodos_ashenzari_chains, hex_large, okawaru_gym_becter
D:4:      layout_basic, serial_shops, shop_fountains, fedhas_altar_fruit_tree,
          uniq_menkaure

Skill      XL: |  1  2  3  4 |
---------------+-------------+-----
Bows           | 6 |  6.9
Fighting       | 2 |  2.4
Dodging        | 3 |  3.6
Invocations    | 1 |  1.1
Stealth        | |  1.2

Action                   |  1- 3 |  4- 6 || total
-------------------------+-------+-------++-------
Melee: Short sword       |    25 |    26 ||    51
 Fire: Shortbow          |    72 |    37 ||   109
  Use: Potion            |       |     2 ||     2
       Scroll            |       |     1 ||     1
Armor: Leather armour    |    10 |    12 ||    22
       Skin              |       |     6 ||     6
Dodge: Dodged            |    42 |    33 ||    75

Table legend: (Time is in decaauts)
 A = Elapsed time spent in this place.
 B = Non-inter-level travel time spent in this place.
 C = Inter-level travel time spent in this place.
 D = Time resting spent in this place.
 E = Time spent auto-exploring this place.
 F = Levels seen in this place.
 G = Mean time per level.
                   A        B        C        D        E       F      G
               +--------+--------+--------+--------+--------+-----+--------+
         Total |   1643 |   1587 |     56 |     19 |   1246 |   4 |  410.8 |
       Dungeon |   1643 |   1587 |     56 |     19 |   1246 |   4 |  410.8 |
               +--------+--------+--------+--------+--------+-----+--------+

Top non-repeatable levels by time:
     D:3: 1018 daAuts
     D:2: 413 daAuts
     D:4: 156 daAuts
     D:1: 56 daAuts
